[Event "SVK Amateur-ch 2020"]
[Site "Topolcany"]
[Date "2020.07.10"]
[Round "2.20"]
[White "Joba, Arpad"]
[Black "Trangos, Miroslav"]
[Result "1-0"]
[ECO "C13"]
[WhiteElo "2124"]
[BlackElo "1971"]
[Annotator "ChessBase"]
[PlyCount "113"]
[EventDate "2020.07.10"]
[EventType "swiss"]
[EventCountry "SVK"]
[SourceTitle "playchess.com"]
[Source "ChessBase"]
[SourceQuality "1"]
[TimeControl "3600+30"]

1. e4 e6 2. d4 d5 3. Nc3 Nf6 4. Bg5 Be7 5. e5 Nfd7 6. h4 a6 7. Qg4 Bxg5 8. hxg5 Nf8 9. Bd3 c5 10. g6 cxd4 11. gxf7+ Kxf7 12. Nce2 Nc6 13. Nf3 Qa5+ 14. Kf1 Qc7 15. g3 Kg8 16. Nexd4 Nxd4 17. Qxd4 Bd7 18. a4 Rc8 19. Kg2 Be8 20. Qg4 Qe7 21. Ng5 Bg6 22. Bxg6 Nxg6 23. c3 Nxe5 24. Qxe6+ Qxe6 25. Nxe6 Kf7 26. Nf4 Nc4 27. b3 Nd2 28. b4 Rxc3 29. Rad1 Rc2 30. Nxd5 Ne4 31. Rhe1 Re8 32. Rd4 Nf6 33. Rxe8 Nxe8 34. Re4 Nf6 35. Rf4 Rc6 36. a5 Rd6 37. Nb6 g5 38. Rc4 Rc6 39. Rd4 Ke6 40. Na4 Ke5 41. Rd1 Rc2 42. Nc5 Kf5 43. Nxb7 Ng4 44. Rd5+ Kg6 45. Rd6+ Kh5 46. Rxa6 Rxf2+ 47. Kg1 Rb2 48. Re6 Nh2 49. a6 Nf3+ 50. Kf1 Kg4 51. Re2 Rxb4 52. Nc5 Rb1+ 53. Kf2 Nh2 54. a7 Ra1 55. Re4+ Kf5 56. Ra4 Ng4+ 57. Ke2 1-0

[Event "SVK Amateur-ch 2020"]
[Site "Topolcany"]
[Date "2020.07.10"]
[Round "2.22"]
[White "Blazek, Milos"]
[Black "Bojda, Lubomir"]
[Result "1-0"]
[ECO "C15"]
[WhiteElo "1977"]
[BlackElo "2110"]
[Annotator "ChessBase"]
[PlyCount "77"]
[EventDate "2020.07.10"]
[EventType "swiss"]
[EventCountry "SVK"]
[SourceTitle "playchess.com"]
[Source "ChessBase"]
[SourceQuality "1"]
[TimeControl "3600+30"]

1. e4 e6 2. d4 d5 3. Nc3 Bb4 4. Nge2 Nf6 5. e5 Nfd7 6. a3 Be7 7. f4 c5 8. Be3 Nc6 9. Qd2 a6 10. dxc5 Nxc5 11. Nd4 Bd7 12. Be2 Qc7 13. O-O g6 14. Rad1 Nxd4 15. Bxd4 Rc8 16. Nxd5 exd5 17. e6 O-O 18. exd7 Qxd7 19. f5 Ne4 20. Qh6 Bf6 21. Bxf6 Nxf6 22. Bd3 Rc6 23. Rf3 Ng4 24. Qf4 h5 25. fxg6 f6 26. Rh3 Qe7 27. Rxh5 f5 28. Rxf5 Rxf5 29. Bxf5 Rc4 30. Qb8+ Kg7 31. Bxg4 Rxg4 32. Rf1 Rxg6 33. Qf4 Qc5+ 34. Kh1 Qc6 35. Qf7+ Kh6 36. Qf8+ Kg5 37. Qf4+ Kh5 38. Rf3 Rg5 39. Qf7+ 1-0

[Event "SVK Amateur-ch 2020"]
[Site "Topolcany"]
[Date "2020.07.10"]
[Round "2.24"]
[White "Franko, Ondrej"]
[Black "Suder, Jakub"]
[Result "1-0"]
[ECO "B21"]
[WhiteElo "1952"]
[BlackElo "2095"]
[Annotator "ChessBase"]
[PlyCount "114"]
[EventDate "2020.07.10"]
[EventType "swiss"]
[EventCountry "SVK"]
[SourceTitle "playchess.com"]
[Source "ChessBase"]
[SourceQuality "1"]
[TimeControl "3600+30"]

1. e4 c5 2. f4 e6 3. Nf3 d5 4. exd5 exd5 5. Bb5+ Bd7 6. Qe2+ Qe7 7. Ne5 c4 8. Nc3 Nf6 9. b3 Nc6 10. Bxc6 Bxc6 11. bxc4 dxc4 12. Ba3 Qxa3 13. Nxc6+ Be7 14. Nb5 Qc5 15. Nxe7 Kd7 16. Qe5 Qxe7 17. O-O Kd8 18. Nd6 Ne8 19. Nxc4 Rc8 20. Qd5+ Qd7 21. Qxd7+ Kxd7 22. Ne5+ Kc7 23. Nxf7 Rf8 24. Ne5 Nf6 25. Rab1 Rfd8 26. d3 Rd4 27. c4 Rcd8 28. Rb3 b6 29. Rf3 Re8 30. Kf2 Rd6 31. h3 Nh5 32. g3 g6 33. Re3 Rf8 34. Nf3 Rd7 35. Rb5 Ng7 36. Ne5 Re7 37. Ng4 Rd7 38. Ne5 Re7 39. Rd5 Nf5 40. Re1 Rfe8 41. c5 b5 42. Rb1 a6 43. Rb3 Ra8 44. a4 bxa4 45. Rb1 a3 46. c6 Rb8 47. Rxb8 Kxb8 48. Ra5 g5 49. Rxa3 Ka7 50. Rb3 gxf4 51. gxf4 a5 52. Nd7 Nd6 53. f5 h5 54. f6 Rf7 55. Kf3 h4 56. Kf4 a4 57. Rb4 Ka6 1-0

[Event "SVK Amateur-ch 2020"]
[Site "Topolcany"]
[Date "2020.07.10"]
[Round "2.25"]
[White "Balazs, Ladislav"]
[Black "Matis, Tibor"]
[Result "0-1"]
[ECO "A05"]
[WhiteElo "2122"]
[BlackElo "1939"]
[Annotator "ChessBase"]
[PlyCount "70"]
[EventDate "2020.07.10"]
[EventType "swiss"]
[EventCountry "SVK"]
[SourceTitle "playchess.com"]
[Source "ChessBase"]
[SourceQuality "1"]
[TimeControl "3600+30"]

1. Nf3 Nf6 2. d4 c5 3. Nc3 cxd4 4. Nxd4 e5 5. Nb3 d5 6. Bg5 Bb4 7. Bxf6 gxf6 8. e3 Nc6 9. a3 Bxc3+ 10. bxc3 Bf5 11. Bd3 e4 12. Bb5 Rg8 13. g3 Bg4 14. Bxc6+ bxc6 15. Qd4 Ke7 16. Rb1 Qd6 17. Kd2 Rgb8 18. f4 Bf3 19. Rhf1 Rb5 20. Qa4 Rab8 21. Rb2 Kf8 22. Qa6 R5b6 23. Qxa7 c5 24. Ra2 Bg4 25. a4 d4 26. cxd4 Be6 27. a5 Rxb3 28. cxb3 Rxb3 29. Qa8+ Rb8 30. Qxe4 Bxa2 31. Ra1 Rb2+ 32. Kc3 Rxh2 33. d5 c4 34. Rh1 Qa3+ 35. Kd4 Rd2+ 0-1

[Event "SVK Amateur-ch 2020"]
[Site "Topolcany"]
[Date "2020.07.10"]
[Round "2.26"]
[White "Musial, Tomasz"]
[Black "Deruelle Sala, Albert"]
[Result "0-1"]
[ECO "A81"]
[WhiteElo "1946"]
[BlackElo "2078"]
[Annotator "ChessBase"]
[PlyCount "68"]
[EventDate "2020.07.10"]
[EventType "swiss"]
[EventCountry "SVK"]
[SourceTitle "playchess.com"]
[Source "ChessBase"]
[SourceQuality "1"]
[TimeControl "3600+30"]

1. d4 f5 2. g3 Nf6 3. Bg2 d6 4. c4 e5 5. dxe5 dxe5 6. Qxd8+ Kxd8 7. Nc3 c6 8. e4 Bb4 9. Bd2 fxe4 10. Nxe4 Bxd2+ 11. Kxd2 Kc7 12. Ne2 Bf5 13. Nxf6 gxf6 14. Rad1 Na6 15. Kc3 Nc5 16. f3 Rad8 17. Nc1 a5 18. b3 h5 19. Rhe1 h4 20. g4 Bg6 21. h3 Ne6 22. Ne2 b5 23. cxb5 cxb5 24. Kb2 Kb6 25. f4 exf4 26. Bd5 f3 27. Bxf3 Ng5 28. Bg2 Rhe8 29. Nf4 Rxe1 30. Rxd8 Rb1+ 31. Ka3 Be4 32. Rb8+ Kc6 33. Rf8 Bxg2 34. Rxf6+ Kc7 0-1

[Event "SVK Amateur-ch 2020"]
[Site "Topolcany"]
[Date "2020.07.10"]
[Round "2.27"]
[White "Tropp, Oliver"]
[Black "Kulhanek, Jachym"]
[Result "1/2-1/2"]
[ECO "A10"]
[WhiteElo "2087"]
[BlackElo "1926"]
[Annotator "ChessBase"]
[PlyCount "148"]
[EventDate "2020.07.10"]
[EventType "swiss"]
[EventCountry "SVK"]
[SourceTitle "playchess.com"]
[Source "ChessBase"]
[SourceQuality "1"]
[TimeControl "3600+30"]

1. c4 b6 2. Nc3 Bb7 3. d4 Nf6 4. Bg5 e6 5. e4 h6 6. Bxf6 Qxf6 7. a3 Qd8 8. Nf3 Be7 9. Bd3 O-O 10. O-O d6 11. Ne2 Nd7 12. Rb1 a5 13. Ng3 Ba6 14. b4 axb4 15. axb4 Bb7 16. d5 e5 17. Rb3 g6 18. Qd2 Bg5 19. Qb2 Ra7 20. Ra1 Rxa1+ 21. Qxa1 Nb8 22. c5 dxc5 23. Qa7 Bxd5 24. exd5 Qxd5 25. Bc2 Nc6 26. Qb7 Nxb4 27. Qxd5 Nxd5 28. Nxe5 Re8 29. Nf3 Bf6 30. Bd3 Nb4 31. Bb1 Bg7 32. h4 c6 33. Kf1 b5 34. h5 Bf8 35. hxg6 c4 36. gxf7+ Kxf7 37. Ra3 Nd3 38. Ra6 c5 39. Rb6 b4 40. Ba2 b3 41. Bb1 Re6 42. Rb5 Nb4 43. Nd2 c3 44. Nxb3 c2 45. Bxc2 Nxc2 46. Ne2 Rd6 47. Rb7+ Kf6 48. Ng3 Rd1+ 49. Ke2 Rb1 50. Nxc5 Rxb7 51. Nxb7 Ke5 52. Na5 Kd5 53. Nb3 Nd4+ 54. Nxd4 Kxd4 55. f4 Kd5 56. Kf3 Ke6 57. Kg4 Kf6 58. Ne4+ Kg6 59. f5+ Kh7 60. Kf4 Kg7 61. Ke5 Kf7 62. Kf4 Ba3 63. Kg4 Kg7 64. Kh5 Bf8 65. g4 Kf7 66. f6 Ke6 67. Kg6 Ke5 68. Ng3 Kf4 69. Nf5 Kxg4 70. Nxh6+ Kf4 71. Ng8 Ke5 72. Kf7 Ba3 73. Ne7 Bb2 74. Kg6 Ke6 1/2-1/2

[Event "SVK Amateur-ch 2020"]
[Site "Topolcany"]
[Date "2020.07.10"]
[Round "2.28"]
[White "Moravcik, Rastislav"]
[Black "Frink, Ferenc"]
[Result "0-1"]
[ECO "A50"]
[WhiteElo "1916"]
[BlackElo "2075"]
[Annotator "ChessBase"]
[PlyCount "84"]
[EventDate "2020.07.10"]
[EventType "swiss"]
[EventCountry "SVK"]
[SourceTitle "playchess.com"]
[Source "ChessBase"]
[SourceQuality "1"]
[TimeControl "3600+30"]

1. d4 Nf6 2. c4 Nc6 3. Nf3 e6 4. Nc3 d6 5. e4 Bd7 6. Be2 h6 7. O-O e5 8. d5 Ne7 9. Ne1 Ng6 10. Nd3 Be7 11. Be3 O-O 12. Rc1 a6 13. c5 Nh7 14. Bg4 Qc8 15. Bxd7 Qxd7 16. c6 bxc6 17. dxc6 Qe6 18. Nd5 Bd8 19. Qa4 Ng5 20. f3 f5 21. Bxg5 hxg5 22. Ne3 f4 23. Ng4 Rf7 24. Qc4 Qc8 25. Nb4 Nf8 26. Rc3 Ne6 27. Ra3 a5 28. Nd5 Nd4 29. Rd1 Qa6 30. Qxa6 Rxa6 31. b4 a4 32. Nc3 Rxc6 33. Kf1 Nc2 34. Rxa4 Rxc3 35. Nxe5 dxe5 36. Rxd8+ Rf8 37. Raa8 Rxd8 38. Rxd8+ Kf7 39. b5 Ne3+ 40. Ke2 Nxg2 41. a4 Rc2+ 42. Kd3 Ne1# 0-1

[Event "SVK Amateur-ch 2020"]
[Site "Topolcany"]
[Date "2020.07.10"]
[Round "2.29"]
[White "Ihnat, Marek ml."]
[Black "Belus, Benjamin"]
[Result "1/2-1/2"]
[ECO "B90"]
[WhiteElo "2065"]
[BlackElo "1919"]
[Annotator "ChessBase"]
[PlyCount "57"]
[EventDate "2020.07.10"]
[EventType "swiss"]
[EventCountry "SVK"]
[SourceTitle "playchess.com"]
[Source "ChessBase"]
[SourceQuality "1"]
[TimeControl "3600+30"]

1. e4 c5 2. Nf3 d6 3. d4 cxd4 4. Nxd4 Nf6 5. Nc3 a6 6. h3 Nc6 7. g4 h6 8. Bg2 e5 9. Nb3 Be6 10. Be3 Be7 11. Qd2 b5 12. O-O-O Na5 13. Nxa5 Qxa5 14. Kb1 Rc8 15. f4 Bc4 16. b3 Bxb3 17. cxb3 Qxc3 18. Qe2 O-O 19. g5 Nh5 20. Rc1 Ng3 21. Rxc3 Nxe2 22. Rxc8 Rxc8 23. fxe5 dxe5 24. gxh6 Ba3 25. hxg7 Nc3+ 26. Ka1 Ne2 27. Kb1 Nc3+ 28. Ka1 Ne2 29. Kb1 1/2-1/2

[Event "SVK Amateur-ch 2020"]
[Site "Topolcany"]
[Date "2020.07.10"]
[Round "2.30"]
[White "Pirvulescu, Adrian"]
[Black "Hasterok, Mateusz"]
[Result "0-1"]
[ECO "B23"]
[WhiteElo "1909"]
[BlackElo "2056"]
[Annotator "ChessBase"]
[PlyCount "118"]
[EventDate "2020.07.10"]
[EventType "swiss"]
[EventCountry "SVK"]
[SourceTitle "playchess.com"]
[Source "ChessBase"]
[SourceQuality "1"]
[TimeControl "3600+30"]

1. e4 c5 2. Nc3 Nc6 3. f4 g6 4. Nf3 Bg7 5. Bb5 Nd4 6. O-O e6 7. d3 Ne7 8. Nxd4 cxd4 9. Ne2 O-O 10. Ba4 a6 11. Qe1 b5 12. Bb3 Nc6 13. Bd2 f5 14. e5 d6 15. a4 b4 16. Bxb4 Nxb4 17. Qxb4 dxe5 18. fxe5 Bxe5 19. Nf4 Re8 20. Rae1 Qc7 21. g3 Kg7 22. Re2 Rb8 23. Qe1 Bxf4 24. gxf4 Qc6 25. Qg3 e5 26. fxe5 Bb7 27. e6 Qh1+ 28. Kf2 f4 29. Qh3 Qc6 30. Ke1 Qd6 31. Qg4 f3 32. Ref2 Bc6 33. Qg3 Qb4+ 34. Kd1 Qc5 35. Qc7+ Kh8 36. Re1 Rb7 37. Qe5+ Qxe5 38. Rxe5 Rg7 39. Rc5 Bb7 40. a5 g5 41. Bd5 g4 42. Bxb7 Rxb7 43. Rg5 Rg7 44. Rd5 Rxe6 45. Rxd4 h5 46. Rd5 Rh6 47. Rf5 h4 48. Rf1 Kh7 49. Kd2 Kg6 50. Rf4 Kg5 51. Rf8 Re6 52. Re1 Rf6 53. Rxf6 Kxf6 54. Rf1 Kf5 55. Ke3 Re7+ 56. Kd4 Kf4 57. c4 g3 58. b4 g2 59. b5 gxf1=Q 0-1

[Event "SVK Amateur-ch 2020"]
[Site "Topolcany"]
[Date "2020.07.10"]
[Round "2.31"]
[White "Blaho, Stefan"]
[Black "Gyurika, Tamas"]
[Result "1-0"]
[ECO "D00"]
[WhiteElo "2050"]
[BlackElo "1851"]
[Annotator "ChessBase"]
[PlyCount "43"]
[EventDate "2020.07.10"]
[EventType "swiss"]
[EventCountry "SVK"]
[SourceTitle "playchess.com"]
[Source "ChessBase"]
[SourceQuality "1"]
[TimeControl "3600+30"]

1. d4 d5 2. Bf4 e6 3. e3 Nf6 4. Nd2 c5 5. c3 Nc6 6. Ngf3 Be7 7. Bd3 O-O 8. Ne5 Qb6 9. Rb1 cxd4 10. exd4 Bd6 11. Qe2 Qc7 12. Bg3 Nd7 13. f4 Ne7 14. O-O f6 15. Qh5 g6 16. Nxg6 hxg6 17. Bxg6 Nxg6 18. Qxg6+ Kh8 19. Qh6+ Kg8 20. Qg6+ Kh8 21. Rf3 Nb6 22. f5 1-0

[Event "SVK Amateur-ch 2020"]
[Site "Topolcany"]
[Date "2020.07.11"]
[Round "3.1"]
[White "Bojda, Lubomir"]
[Black "Miciak, Emanuel"]
[Result "1-0"]
[ECO "D13"]
[WhiteElo "2110"]
[BlackElo "1839"]
[Annotator "ChessBase"]
[PlyCount "55"]
[EventDate "2020.07.10"]
[EventType "swiss"]
[EventCountry "SVK"]
[SourceTitle "playchess.com"]
[Source "ChessBase"]
[SourceQuality "1"]
[TimeControl "3600+30"]

1. Nf3 Nf6 2. c4 c6 3. d4 d5 4. Nc3 Bf5 5. cxd5 cxd5 6. Qb3 b6 7. Bf4 a6 8. Rc1 e6 9. Na4 Nbd7 10. e3 Rc8 11. Nc3 b5 12. a3 Be7 13. Be2 Ne4 14. O-O Nxc3 15. Rxc3 Rxc3 16. Qxc3 O-O 17. Rc1 Nf6 18. Ne5 Ne4 19. Qc6 Qd6 20. Ng6 Qd8 21. Nxe7+ Qxe7 22. f3 e5 23. Bxe5 Nf6 24. Qxa6 Nd7 25. Qd6 Qh4 26. Qxd5 Re8 27. Bxb5 Nxe5 28. Bxe8 1-0

[Event "SVK Amateur-ch 2020"]
[Site "Topolcany"]
[Date "2020.07.11"]
[Round "3.2"]
[White "Kovarikova, Maria"]
[Black "Pniaczek Marek"]
[Result "0-1"]
[ECO "C44"]
[WhiteElo "1844"]
[BlackElo "2102"]
[Annotator "ChessBase"]
[PlyCount "53"]
[EventDate "2020.07.10"]
[EventType "swiss"]
[EventCountry "SVK"]
[SourceTitle "playchess.com"]
[Source "ChessBase"]
[SourceQuality "1"]
[TimeControl "3600+30"]

1. e4 e5 2. Nf3 Nc6 3. d4 exd4 4. c3 Nf6 5. e5 Nd5 6. cxd4 Bb4+ 7. Bd2 Bxd2+ 8. Qxd2 d6 9. Nc3 dxe5 10. Bb5 O-O 11. Bxc6 bxc6 12. O-O exd4 13. Nxd4 Bb7 14. Na4 Qd6 15. Rac1 Nf4 16. Rfd1 c5 17. Rxc5 Rad8 18. Qc2 Rfe8 19. Rc4 Nxg2 20. Nc3 c5 21. Nde2 Qe6 22. b3 Ne3 23. fxe3 Qxe3+ 24. Kf1 Qf3+ 25. Ke1 Qh1+ 26. Kf2 Qg2+ 27. Ke1 0-1

[Event "SVK Amateur-ch 2020"]
[Site "Topolcany"]
[Date "2020.07.11"]
[Round "3.3"]
[White "Iolis, Oleg"]
[Black "Stevik, Patrik ml."]
[Result "1/2-1/2"]
[ECO "B00"]
[WhiteElo "2166"]
[BlackElo "2047"]
[Annotator "ChessBase"]
[PlyCount "73"]
[EventDate "2020.07.10"]
[EventType "swiss"]
[EventCountry "SVK"]
[SourceTitle "playchess.com"]
[Source "ChessBase"]
[SourceQuality "1"]
[TimeControl "3600+30"]

1. e4 b6 2. d4 Bb7 3. Nc3 e6 4. Nf3 Nf6 5. Bd3 Be7 6. O-O d6 7. Re1 Nbd7 8. e5 dxe5 9. dxe5 Nd5 10. Bd2 c5 11. Qe2 a6 12. Nxd5 Bxd5 13. c4 Bc6 14. Rad1 Qc7 15. Bg5 h6 16. Bxe7 Kxe7 17. Nd2 g5 18. a3 Rag8 19. b4 g4 20. b5 Ba8 21. bxa6 h5 22. Qe3 h4 23. Be4 Qxe5 24. f4 gxf3 25. Nxf3 Qxe4 26. Rxd7+ Kxd7 27. Qd2+ Qd4+ 28. Nxd4 Rxg2+ 29. Qxg2 Bxg2 30. Nxe6 fxe6 31. Kxg2 Ra8 32. a4 Rxa6 33. Ra1 Ra8 34. Kh3 Rh8 35. Rb1 Kc6 36. Re1 Kd6 37. Rb1 1/2-1/2

[Event "SVK Amateur-ch 2020"]
[Site "Topolcany"]
[Date "2020.07.11"]
[Round "3.3"]
[White "Alexandrova, Angelina"]
[Black "Kaniansky Miroslav"]
[Result "1/2-1/2"]
[ECO "D94"]
[WhiteElo "1839"]
[BlackElo "2100"]
[Annotator "ChessBase"]
[PlyCount "61"]
[EventDate "2020.07.10"]
[EventType "swiss"]
[EventCountry "SVK"]
[SourceTitle "playchess.com"]
[Source "ChessBase"]
[SourceQuality "1"]
[TimeControl "3600+30"]

1. Nf3 d5 2. d4 Nf6 3. c4 c6 4. e3 g6 5. Nc3 Bg7 6. Be2 O-O 7. O-O Nbd7 8. cxd5 cxd5 9. Qb3 e6 10. Bd2 Ne4 11. Rad1 Nxd2 12. Rxd2 Qb6 13. Rc1 Qxb3 14. axb3 Nb6 15. Rdc2 Bd7 16. Nb5 Bxb5 17. Bxb5 Rfc8 18. Rc7 Bf8 19. g3 Bd6 20. Rxc8+ Rxc8 21. Rxc8+ Nxc8 22. Kf1 Kf8 23. Nd2 Ke7 24. Ke2 Bb4 25. f3 a6 26. Bd3 Na7 27. Nb1 Nc6 28. Bc2 Kd6 29. Kd3 e5 30. dxe5+ Nxe5+ 31. Ke2 1/2-1/2

[Event "SVK Amateur-ch 2020"]
[Site "Topolcany"]
[Date "2020.07.11"]
[Round "3.4"]
[White "Varga, Marcell"]
[Black "Nadzamova, Viktoria"]
[Result "1-0"]
[ECO "E18"]
[WhiteElo "2150"]
[BlackElo "2046"]
[Annotator "RC"]
[PlyCount "119"]
[EventDate "2020.07.10"]
[EventType "swiss"]
[EventCountry "SVK"]
[SourceTitle "playchess.com"]
[Source "ChessBase"]
[SourceQuality "1"]
[TimeControl "3600+30"]

1. d4 Nf6 2. c4 e6 3. Nf3 b6 4. Nc3 Bb7 5. g3 Be7 6. Bg2 O-O 7. O-O d6 8. Re1 Nbd7 9. e4 e5 10. d5 Ne8 11. Be3 c5 12. Nd2 Bg5 13. Nf1 g6 14. Bh3 Bc8 15. f4 exf4 16. gxf4 Bh4 17. Ng3 Ndf6 18. Kg2 Bxh3+ 19. Kxh3 Nh5 20. Qg4 Bxg3 21. hxg3 Nhf6 22. Qf3 Qd7+ 23. Kg2 Ng4 24. Bd2 Ng7 25. Nd1 Rae8 26. Bc3 f6 27. b3 h5 28. a4 a6 29. Ne3 f5 30. Nxg4 hxg4 31. Qd3 fxe4 32. Rxe4 Rxe4 33. Qxe4 Qf5 34. Qxf5 gxf5 35. Rh1 Ne8 36. Rh8+ Kf7 37. Rh7+ Kg6 38. Rb7 Nf6 39. Bxf6 Kxf6 40. Rxb6 Ke7 41. Rb7+ Kd8 42. Ra7 Re8 43. Rxa6 Re2+ 44. Kf1 Re3 45. Rxd6+ Kc7 46. Rc6+ Kd7 47. Kf2 Rf3+ 48. Kg2 Rxb3 49. Rxc5 Rb2+ 50. Kf1 Rb3 51. Kf2 Rb2+ 52. Ke3 Rb3+ 53. Kd4 Rxg3 54. Rc6 Ke7 55. Ke5 Rc3 56. Kxf5 g3 57. Rg6 Rxc4 58. Rxg3 Kd6 59. Rg6+ Kxd5 60. Ra6 1-0

[Event "SVK Amateur-ch 2020"]
[Site "Topolcany"]
[Date "2020.07.11"]
[Round "3.4"]
[White "Suder, Jakub"]
[Black "Pasztor, Ladislav"]
[Result "1-0"]
[ECO "E90"]
[WhiteElo "2095"]
[BlackElo "1802"]
[Annotator "ChessBase"]
[PlyCount "63"]
[EventDate "2020.07.10"]
[EventType "swiss"]
[EventCountry "SVK"]
[SourceTitle "playchess.com"]
[Source "ChessBase"]
[SourceQuality "1"]
[TimeControl "3600+30"]

1. d4 Nf6 2. c4 g6 3. Nc3 Bg7 4. e4 d6 5. Nf3 c6 6. Be2 Qc7 7. O-O Bg4 8. Ne1 Bxe2 9. Qxe2 Nbd7 10. Be3 O-O 11. f4 h5 12. h3 a6 13. e5 Nh7 14. Nf3 b5 15. e6 fxe6 16. Nh4 Rf6 17. Ne4 Nhf8 18. Nxf6+ exf6 19. g4 hxg4 20. hxg4 Kf7 21. Rae1 bxc4 22. f5 exf5 23. gxf5 d5 24. Bf4 Qb6 25. fxg6+ Kg8 26. Nf5 Nxg6 27. Qe6+ Kh7 28. Qxd7 Rg8 29. Re2 Nxf4 30. Rxf4 Kh8 31. Kh1 Qd8 32. Rh2+ 1-0

[Event "SVK Amateur-ch 2020"]
[Site "Topolcany"]
[Date "2020.07.11"]
[Round "3.5"]
[White "Oprea, Erik"]
[Black "Brnusak, Tomas"]
[Result "1/2-1/2"]
[ECO "A85"]
[WhiteElo "2113"]
[BlackElo "2028"]
[Annotator "ChessBase"]
[PlyCount "126"]
[EventDate "2020.07.10"]
[EventType "swiss"]
[EventCountry "SVK"]
[SourceTitle "playchess.com"]
[Source "ChessBase"]
[SourceQuality "1"]
[TimeControl "3600+30"]

1. d4 f5 2. c4 Nf6 3. Nc3 e6 4. a3 d5 5. Bf4 Bd6 6. Bxd6 Qxd6 7. c5 Qe7 8. Nf3 c6 9. Ne5 Nbd7 10. f4 Nxe5 11. fxe5 Ng4 12. Qd2 O-O 13. e3 Qg5 14. g3 Qxe3+ 15. Qxe3 Nxe3 16. Bd3 f4 17. Kd2 Ng4 18. Raf1 f3 19. h3 Nh6 20. g4 Bd7 21. Ke3 g5 22. Rxf3 Rxf3+ 23. Kxf3 Rf8+ 24. Ke3 Kg7 25. Ne2 Ng8 26. Ng3 Be8 27. Rf1 Rxf1 28. Bxf1 Ne7 29. b4 a6 30. Bd3 Bg6 31. Bf1 Kf7 32. Kd2 Ke8 33. a4 Kd8 34. Ne2 Be8 35. Nc3 Ng6 36. Bd3 h6 37. Bxg6 Bxg6 38. Ke3 Kd7 39. a5 Bc2 40. Kf3 Be4+ 41. Kg3 Bd3 42. Nd1 Ke7 43. h4 Kf7 44. Nc3 Bb5 45. Nd1 Kg6 46. Nf2 Be2 47. Nh1 Kg7 48. Kh3 Bf1+ 49. Kg3 Be2 50. Nf2 Kg6 51. Nh3 Bd1 52. Ng1 Kg7 53. h5 Kf7 54. Nh3 Kg7 55. Nf2 Be2 56. Kg2 Kf7 57. Kg1 Kg7 58. Kg2 Kf7 59. Kg3 Kg7 60. Nh3 Kf7 61. Ng1 Bd1 62. Nf3 Bxf3 63. Kxf3 Ke7 1/2-1/2

[Event "SVK Amateur-ch 2020"]
[Site "Topolcany"]
[Date "2020.07.11"]
[Round "3.5"]
[White "Kapec, Kristian"]
[Black "Balazs, Ladislav"]
[Result "0-1"]
[ECO "B22"]
[WhiteElo "1786"]
[BlackElo "2122"]
[Annotator "ChessBase"]
[PlyCount "72"]
[EventDate "2020.07.10"]
[EventType "swiss"]
[EventCountry "SVK"]
[SourceTitle "playchess.com"]
[Source "ChessBase"]
[SourceQuality "1"]
[TimeControl "3600+30"]

1. e4 c5 2. d4 cxd4 3. c3 Nf6 4. e5 Nd5 5. cxd4 e6 6. Nf3 d6 7. Bc4 Nb6 8. Bb3 Nc6 9. Bf4 d5 10. Nc3 Be7 11. Bc2 Nc4 12. Rb1 Qa5 13. Bd2 Nxd2 14. Qxd2 Bd7 15. a3 Rc8 16. Ne2 Nb4 17. axb4 Bxb4 18. Nc3 Rxc3 19. bxc3 Bxc3 20. Rxb7 Ke7 21. Bd3 Bxd2+ 22. Nxd2 Qa1+ 23. Bb1 Qxd4 24. Nf3 Qc3+ 25. Ke2 a5 26. Bd3 Rc8 27. Rhb1 Rc7 28. R7b3 Qc5 29. Ra1 a4 30. Rb2 Qc3 31. Raa2 Qa5 32. Nd4 f6 33. f4 fxe5 34. fxe5 Rc1 35. Rb1 Qe1+ 36. Kf3 Rxb1 0-1

[Event "SVK Amateur-ch 2020"]
[Site "Topolcany"]
[Date "2020.07.11"]
[Round "3.6"]
[White "Meers, Hubert"]
[Black "Balint, Vilmos"]
[Result "1/2-1/2"]
[ECO "B28"]
[WhiteElo "2037"]
[BlackElo "2143"]
[Annotator "ChessBase"]
[PlyCount "89"]
[EventDate "2020.07.10"]
[EventType "swiss"]
[EventCountry "SVK"]
[SourceTitle "playchess.com"]
[Source "ChessBase"]
[SourceQuality "1"]
[TimeControl "3600+30"]

1. e4 c5 2. Nf3 a6 3. c4 Nc6 4. d4 cxd4 5. Nxd4 e5 6. Nc2 Bc5 7. Be3 d6 8. Nc3 Nf6 9. Be2 Be6 10. Qd2 O-O 11. O-O Rc8 12. f3 Qb6 13. Rfd1 Rfd8 14. Kf2 Ne8 15. Na4 Qa7 16. b4 Bxe3+ 17. Qxe3 f5 18. exf5 Bxf5 19. Qxa7 Nxa7 20. Ne3 Be6 21. Bd3 Nf6 22. Rac1 g6 23. Be4 Rc7 24. Nb6 Nc6 25. c5 Nxe4+ 26. fxe4 Rf8+ 27. Kg1 dxc5 28. Rxc5 Rcf7 29. a3 Rf2 30. Nbc4 Re2 31. b5 axb5 32. Rxb5 Rf7 33. Rdb1 Nd8 34. Rxe5 Rc7 35. Rd1 Rc8 36. Rxd8+ Rxd8 37. Rxe6 b5 38. Kf1 Ra2 39. Nd6 Rf8+ 40. Ke1 Rff2 41. Re8+ Kg7 42. Re7+ Kg8 43. Re8+ Kg7 44. Re7+ Kg8 45. Re8+ 1/2-1/2

[Event "SVK Amateur-ch 2020"]
[Site "Topolcany"]
[Date "2020.07.11"]
[Round "3.6"]
[White "Szocs, Ladislav"]
[Black "Lach, Piotr"]
[Result "0-1"]
[ECO "E07"]
[WhiteElo "1801"]
[BlackElo "2086"]
[Annotator "ChessBase"]
[PlyCount "89"]
[EventDate "2020.07.10"]
[EventType "swiss"]
[EventCountry "SVK"]
[SourceTitle "playchess.com"]
[Source "ChessBase"]
[SourceQuality "1"]
[TimeControl "3600+30"]

1. Nf3 Nf6 2. g3 e6 3. Bg2 d5 4. O-O Be7 5. d4 O-O 6. c4 c6 7. Nc3 Nbd7 8. cxd5 exd5 9. b3 Re8 10. Bb2 Bd6 11. Re1 Nf8 12. Nd2 Bf5 13. e4 dxe4 14. Ndxe4 Bb4 15. Nxf6+ Qxf6 16. Qf3 Qg6 17. Re5 Rxe5 18. dxe5 Ne6 19. Ne4 Bxe4 20. Qxe4 Qxe4 21. Bxe4 Rd8 22. a3 Bc5 23. b4 Bxf2+ 24. Kxf2 Rd2+ 25. Ke3 Rxb2 26. Rd1 Rb3+ 27. Ke2 Nf8 28. Rd8 Rxa3 29. Rb8 a5 30. Rxb7 axb4 31. Rxb4 Ra5 32. Bxc6 Rxe5+ 33. Kf3 Re7 34. Rb8 g6 35. Rd8 Kg7 36. Bd5 Ra7 37. h4 h5 38. Ra8 Rd7 39. Bc4 Rc7 40. Bd5 Nd7 41. Ra3 Nf6 42. Be4 Rc1 43. Bd3 Ng4 44. Be2 Rc2 45. Rb3 0-1

[Event "SVK Amateur-ch 2020"]
[Site "Topolcany"]
[Date "2020.07.11"]
[Round "3.7"]
[White "Gromovs, Sergejs"]
[Black "Dziewonski, Dariusz"]
[Result "1-0"]
[ECO "D37"]
[WhiteElo "2131"]
[BlackElo "2029"]
[Annotator "ChessBase"]
[PlyCount "57"]
[EventDate "2020.07.10"]
[EventType "swiss"]
[EventCountry "SVK"]
[SourceTitle "playchess.com"]
[Source "ChessBase"]
[SourceQuality "1"]
[TimeControl "3600+30"]

1. d4 d5 2. Nf3 Nf6 3. c4 e6 4. Nc3 Be7 5. Bf4 O-O 6. e3 c5 7. dxc5 Bxc5 8. Qc2 Qe7 9. a3 a5 10. Be2 b6 11. O-O Bb7 12. Nb5 Nbd7 13. Rfd1 Rac8 14. b4 axb4 15. axb4 Bxb4 16. Ra7 Bc6 17. Nfd4 Bxb5 18. Nxb5 e5 19. Bg5 Qc5 20. Qa4 dxc4 21. Nd6 b5 22. Nxb5 Nb6 23. Qa6 c3 24. e4 Nc4 25. Bxf6 gxf6 26. Qxf6 Rc6 27. Qf5 Qxb5 28. Rd8 Qc5 29. Qxf7+ 1-0

[Event "SVK Amateur-ch 2020"]
[Site "Topolcany"]
[Date "2020.07.11"]
[Round "3.7"]
[White "Lecky, Juraj"]
[Black "Mesaros, Jan"]
[Result "1-0"]
[ECO "A30"]
[WhiteElo "2083"]
[BlackElo "1782"]
[Annotator "RC"]
[PlyCount "39"]
[EventDate "2020.07.10"]
[EventType "swiss"]
[EventCountry "SVK"]
[SourceTitle "playchess.com"]
[Source "ChessBase"]
[SourceQuality "1"]
[TimeControl "3600+30"]

1. Nf3 Nf6 2. c4 c5 3. b3 b6 4. g3 Bb7 5. Bg2 e6 6. O-O Be7 7. Nc3 d6 8. e3 Nbd7 9. d4 cxd4 10. Nxd4 Bxg2 11. Kxg2 Qc8 12. e4 a6 13. Bb2 Qb7 14. Qe2 h5 15. h3 Nc5 16. Rae1 Qc7 17. f4 g6 18. e5 Qb7+ 19. Kg1 Nfd7 20. b4 1-0